 Dungeon Crawl Stone Soup version 0.30-a0-1160-g6e42c06551 (webtiles) character file.

Game seed: 2523721917788971341

138 retardedninja the Firebug (level 5, -1/37 HPs)
             Began as a Gnoll Fire Elementalist on Apr 26, 2023.
             Splashed by a jelly's acid (7 damage)
             ... on level 3 of the Dungeon.
             The game lasted 00:03:10 (2913 turns).

retardedninja the Firebug (Gnoll Fire Elementalist) Turns: 2913, Time: 00:03:11

Health: -1/37      AC:  0    Str:  7    XL:     5   Next: 21%
Magic:  2/12       EV: 13    Int: 17    God:
Gold:   111        SH:  0    Dex: 12    Spells: 11/14 levels left

rFire   . . .        o - +1 trident (venom)
rCold   . . .        (no shield)
rNeg    . . .        a - +0 robe
rPois   .            (no helmet)
rElec   .            (no cloak)
rCorr   .            (no gloves)
SInv    .            g - +1 pair of boots
Will    .....        (no amulet)
Stlth   +++          (no ring)
HPRegen 0.26/turn    (no ring)
MPRegen 0.13/turn

%: no passive effects
@: corroded
A: fangs 1, strong nose, distributed training
a: no special abilities


You were on level 3 of the Dungeon.
You visited 1 branch of the dungeon, and saw 3 of its levels.

You collected 111 gold pieces.

Inventory:

Hand Weapons
 o - a +1 trident of venom (weapon)
Armour
 a - a +0 robe (worn)
 g - a +1 pair of boots (worn)
Wands
 s - a wand of light (14)
 u - a wand of mindburst (8)
Scrolls
 d - a scroll of brand weapon {unknown}
 e - 2 scrolls of teleportation {unknown}
 h - 3 scrolls of enchant weapon {unknown}
 i - 2 scrolls of noise {unknown}
 l - 2 scrolls of vulnerability {unknown}
 m - a scroll of poison {unknown}
 n - a scroll of immolation {unknown}
 q - 3 scrolls of identify {unknown}
Potions
 b - a potion of magic
 c - 3 potions of brilliance {unknown}
 f - 4 potions of heal wounds {unknown}
 j - a potion of resistance {unknown}
 k - a potion of curing {unknown}
 p - a potion of haste {unknown}
 r - a potion of cancellation {unknown}
 t - a potion of might {unknown}


   Skills:
 + Level 1.4 Fighting
 + Level 1.4 Short Blades
 + Level 1.4 Long Blades
 + Level 1.4 Axes
 + Level 1.4 Maces & Flails
 + Level 1.4 Polearms
 + Level 1.4 Staves
 + Level 1.4 Ranged Weapons
 + Level 1.4 Throwing
 + Level 1.4 Armour
 + Level 4.8 Dodging
 + Level 4.4 Stealth
 + Level 1.4 Shields
 + Level 1.4 Unarmed Combat
 + Level 5.2 Spellcasting
 + Level 2.4 Conjurations
 + Level 1.1 Hexes
 + Level 1.1 Summonings
 + Level 1.1 Necromancy
 + Level 1.1 Translocations
 + Level 1.1 Transmutations
 + Level 5.5 Fire Magic
 + Level 1.1 Ice Magic
 + Level 1.1 Air Magic
 + Level 1.1 Earth Magic
 + Level 1.1 Poison Magic
 + Level 1.6 Invocations
 + Level 1.4 Evocations


You had 11 spell levels left.
You knew the following spells:

 Your Spells              Type           Power      Damage    Failure   Level
a - Foxfire               Conj/Fire      68%        2x1d7     2%          1
b - Scorch                Fire           46%        2d6       2%          2

Your spell library contained the following spells:

 Spells                   Type           Power      Damage    Failure   Level
 Inner Flame              Hex/Fire       15%        N/A       11%         3
 Volatile Blastmotes      Fire/Tloc      30%        2d12      11%         3
 Gell's Gravitas          Tloc           8%         N/A       26%         3
 Teleport Other           Tloc           8%         N/A       26%         3
 Flame Wave               Conj/Fire      17%        2d7       26%         4
 Animate Dead             Necr           8%         N/A       65%         4
 Borgnjor's Vile Clutch   Necr/Erth      4%         N/A       94%         5
 Death Channel            Necr           4%         N/A       100%        6
 Dispersal                Tloc           4%         N/A       100%        6


Dungeon Overview and Level Annotations

Branches:
Dungeon (3/15)

Altars:
Ru
Xom

Shops:
D:2 *


Innate Abilities, Weirdness & Mutations

You have very sharp teeth.
Your uncanny sense of smell can sniff out nearby items.
Your experience applies equally to all skills.


Message History

Unknown command.
Casting: Scorch (safe; 2% risk of failure)
Confirm with . or Enter, or press ? or * to list all spells.
Flames lash the worm.
The worm is burned terribly!
The worm is severely wounded.
Unknown command.
Casting: Scorch (safe; 2% risk of failure)
Confirm with . or Enter, or press ? or * to list all spells.
Flames lash the jelly.
The jelly is moderately wounded.
The jelly's fire resistance burns away.
The worm bites you.
An orc comes into view. It is wielding a +0 hand axe.
Unknown command.
Casting: Scorch (safe; 2% risk of failure)
Confirm with . or Enter, or press ? or * to list all spells.
You don't have enough magic to cast this spell.
Unknown command.
The worm misses you.
The jelly is no longer more vulnerable to fire.
The worm closely misses you.
You hit the worm.
The worm is heavily wounded.
The worm is no longer more vulnerable to fire.
You hit the worm.
The worm is poisoned.
You bite the worm, but do no damage.
The worm is heavily wounded.
The worm misses you.
You hit the worm.
The worm looks as sick as possible!
The worm is almost dead.
The worm barely misses you.
You hit the worm.
You kill the worm!
You puncture the jelly!
The jelly is poisoned.
The acid corrodes you!
Your hands burn!
The jelly is severely wounded.
The jelly hits you.
You are splashed with acid!
* * * LOW HITPOINT WARNING * * *
The jelly hits you.
* * * LOW HITPOINT WARNING * * *
You are splashed with acid!
You die...

........# #....## #.
........# ##...###
#.
........#####....#
##
.................###
..........<........#
....)...####......##
...<....# #......+
).......# ###.##.# ∆
∆ ........# #..@J# ∆
∆ ######### #####o#
∆ ∆ )# .# ∆ .# o# ..
.# . .## #####


You could see a jelly (very poisoned) and an orc.

Vanquished Creatures
  Jessica (D:3)
  3 gnolls (D:2)
  2 adders (D:2)
  2 worms
  A dart slug (D:2)
  2 orcs (D:3)
  5 endoplasms
  3 giant cockroaches
  4 goblins
  5 hobgoblins
  6 jackals (D:1)
  4 quokkas
  2 ball pythons (D:2)
  3 bats
  A frilled lizard (D:2)
  5 kobolds
  5 rats
54 creatures vanquished.

Vanquished Creatures (others)
  228 foxfires
228 creatures vanquished.

Grand Total: 282 creatures vanquished

Notes
Turn   | Place    | Note
-------+----------+-------------------------------------------
     0 | D:1      | retardedninja the Gnoll Fire Elementalist began the quest
                  | for the Orb.
     0 | D:1      | Reached XP level 1. HP: 13/13 MP: 6/6
    56 | D:1      | Reached XP level 2. HP: 12/19 MP: 1/7
   880 | D:1      | Learned a level 2 spell: Scorch
   882 | D:1      | Reached skill level 5 in Spellcasting
   882 | D:1      | Reached XP level 3. HP: 25/25 MP: 6/9
  1438 | D:2      | Reached skill level 1 in Invocations
  1442 | D:2      | Reached skill level 1 in Fighting
  1442 | D:2      | Reached skill level 1 in Short Blades
  1442 | D:2      | Reached skill level 1 in Long Blades
  1442 | D:2      | Reached skill level 1 in Axes
  1442 | D:2      | Reached skill level 1 in Maces & Flails
  1442 | D:2      | Reached skill level 1 in Polearms
  1442 | D:2      | Reached skill level 1 in Staves
  1442 | D:2      | Reached skill level 1 in Ranged Weapons
  1442 | D:2      | Reached skill level 1 in Throwing
  1442 | D:2      | Reached skill level 1 in Armour
  1442 | D:2      | Reached skill level 1 in Shields
  1442 | D:2      | Reached skill level 1 in Unarmed Combat
  1442 | D:2      | Reached skill level 1 in Evocations
  1444 | D:2      | Reached XP level 4. HP: 25/32 MP: 3/11
  1618 | D:2      | Found a shimmering altar of Xom.
  1734 | D:2      | Reached skill level 1 in Hexes
  1734 | D:2      | Reached skill level 1 in Summonings
  1734 | D:2      | Reached skill level 1 in Necromancy
  1734 | D:2      | Reached skill level 1 in Translocations
  1734 | D:2      | Reached skill level 1 in Transmutations
  1734 | D:2      | Reached skill level 1 in Ice Magic
  1734 | D:2      | Reached skill level 1 in Air Magic
  1734 | D:2      | Reached skill level 1 in Earth Magic
  1734 | D:2      | Reached skill level 1 in Poison Magic
  2343 | D:2      | Found Gicoep's General Store.
  2571 | D:3      | Noticed Jessica
  2593 | D:3      | Killed Jessica
  2594 | D:3      | Reached XP level 5. HP: 22/37 MP: 0/12
  2831 | D:3      | Found a sacrificial altar of Ru.
  2913 | D:3      | Splashed by a jelly's acid

Illustrated notes

Levels and vault maps discovered:
D:1:      erik_arrival_blinker_ship, layout_loops_ring,
          minmay_tree_intersection, minmay_pentomino_t2
D:2:      minmay_diamond_boxcup, layout_basic, basic_altar, serial_shops,
          nicolae_shop_behind_doors, st_stairs_2, minmay_misc_feat_ornament
D:3:      minmay_bubble_buster, layout_rooms, mainiacjoe_overflow_boulevard,
          uniq_jessica

Skill      XL: |  1  2  3  4 |
---------------+-------------+-----
Conjurations   | 2 |  2.4
Spellcasting   | 5 |  5.2
Invocations    | 1 |  1.6
Fighting       | 1 |  1.4
Short Blades   | 1 |  1.4
Long Blades    | 1 |  1.4
Axes           | 1 |  1.4
Maces & Flails | 1 |  1.4
Polearms       | 1 |  1.4
Staves         | 1 |  1.4
Ranged Weapons | 1 |  1.4
Throwing       | 1 |  1.4
Armour         | 1 |  1.4
Shields        | 1 |  1.4
Unarmed Combat | 1 |  1.4
Evocations     | 1 |  1.4
Hexes          | 1 |  1.1
Summonings     | 1 |  1.1
Necromancy     | 1 |  1.1
Translocations | 1 |  1.1
Transmutations | 1 |  1.1
Ice Magic      | 1 |  1.1
Air Magic      | 1 |  1.1
Earth Magic    | 1 |  1.1
Poison Magic   | 1 |  1.1
Dodging        | |  4.8
Stealth        | |  4.4
Fire Magic     | |  5.5

Action                     |  1- 3 |  4- 6 || total
---------------------------+-------+-------++-------
  Melee: Unarmed           |    23 |       ||    23
         Bite              |     3 |     1 ||     4
         Dagger            |     2 |       ||     2
         Trident           |       |     5 ||     5
   Cast: Foxfire           |    80 |    72 ||   152
         Scorch            |     1 |     7 ||     8
 Armour: Robe              |    16 |     4 ||    20
  Dodge: Dodged            |    39 |     7 ||    46

Table legend: (Time is in decaauts)
 A = Elapsed time spent in this place.
 B = Non-inter-level travel time spent in this place.
 C = Inter-level travel time spent in this place.
 D = Time resting spent in this place.
 E = Time spent auto-exploring this place.
 F = Levels seen in this place.
 G = Mean time per level.
                   A        B        C        D        E       F      G
               +--------+--------+--------+--------+--------+-----+--------+
         Total |   2917 |   2879 |     38 |    101 |   2290 |   3 |  972.3 |
       Dungeon |   2917 |   2879 |     38 |    101 |   2290 |   3 |  972.3 |
               +--------+--------+--------+--------+--------+-----+--------+

Top non-repeatable levels by time:
     D:1: 1429 daAuts
     D:2: 1065 daAuts
     D:3: 422 daAuts
